 Dungeon Crawl Stone Soup version 0.29.1-1-gd02db6906a (webtiles) character file.

Game seed: 6385191326401216626

686 IDontKnowWhatImDoimg the Grave Robber (level 7, -5/53 HPs)
             Began as a Hill Orc Necromancer on Sept 27, 2022.
             Was an Initiate of Yredelemnul.
             Killed from afar by a white imp (18 damage)
             ... with a puff of frost
             ... on level 5 of the Dungeon.
             The game lasted 01:40:19 (4711 turns).

IDontKnowWhatImDoimg the Grave Robber (HONe)        Turns: 4711, Time: 01:40:19

Health: -5/53      AC:  8    Str: 13    XL:     7   Next: 62%
Magic:  11/11      EV: 11    Int: 17    God:    Yredelemnul [......]
Gold:   150        SH:  0    Dex: 14    Spells: 4/12 levels left

rFire   + . .      SeeInvis +   q - +3 dagger of Reixzesi {flame, Int+2 Dex+3}
rCold   x . .      Faith    .   (no shield)
rNeg    . . .      Spirit   .   j - +0 ring mail
rPois   .          Reflect  .   c - +0 helmet
rElec   .          Harm     .   (no cloak)
rCorr   .          Rampage  .   B - +0 pair of gloves
Will    .....                   k - +0 pair of boots
Stlth   +.........              (no amulet)
HPRegen 0.17/turn               r - ring of fire
MPRegen 0.12/turn               p - ring of see invisible

@: very slow
A: no striking features
a: Renounce Religion, Recall Undead Harvest


You were on level 5 of the Dungeon.
You worshipped Yredelemnul.
Yredelemnul was noncommittal.
You visited 2 branches of the dungeon, and saw 6 of its levels.

You collected 150 gold pieces.

Inventory:

Hand Weapons
 q - the +3 dagger of Reixzesi (weapon) {flame, Int+2 Dex+3}
   (You found it on level 2 of the Dungeon)

   It burns those it strikes, dealing additional fire damage.
   Int:       It affects your intelligence (+2).
   Dex:       It affects your dexterity (+3).
 x - a +0 spear of chaos
 G - a +2 flail of holy wrath
 H - a +4 falchion of holy wrath
Missiles
 d - 2 boomerangs
 y - 13 stones
 D - 3 atropa-tipped darts
Armour
 a - a +0 robe
 b - a +0 leather armour
 c - a +0 helmet (worn)
 j - a +0 ring mail (worn)
 k - a +0 pair of boots (worn)
 B - a +0 pair of gloves (worn)
 E - a +2 scale mail of willpower
Magical Staves
 h - a staff of conjuration
Jewellery
 p - a ring of see invisible (right hand)
 r - a ring of fire (left hand)
 z - an amulet of guardian spirit
Wands
 s - a wand of mindburst (15)
 w - a wand of digging (8)
Scrolls
 e - a scroll of vulnerability
 g - a scroll of butterflies {unknown}
 i - a scroll of teleportation
 m - a scroll of torment {unknown}
 v - a scroll of enchant weapon {unknown}
 A - a scroll of summoning {unknown}
 F - a scroll of immolation {unknown}
Potions
 f - a potion of flight
 l - a potion of degeneration {unknown}
 n - a potion of magic
 o - a potion of heal wounds
 t - a potion of invisibility {unknown}
 u - 2 potions of mutation {unknown}
 C - a potion of ambrosia {unknown}


   Skills:
 + Level 1.9 Fighting
 + Level 1.8 Short Blades
 + Level 1.2 Throwing
 + Level 2.5 Armour
 + Level 2.8 Dodging
 + Level 2.1 Stealth
 + Level 2.1 Unarmed Combat
 + Level 3.0 Spellcasting
 + Level 5.6 Necromancy
 + Level 0.7 Invocations
 + Level 0.1 Evocations


You had 4 spell levels left.
You knew the following spells:

 Your Spells              Type           Power      Damage    Failure   Level
a - Necrotise             Necr           84%        1d8       3%          1
b - Vampiric Draining     Necr           21%        2d7       11%         3
c - Animate Dead          Necr           21%        N/A       34%         4

Your spell library contained the following spells:

 Spells                   Type           Power      Damage    Failure   Level
 Ozocubu's Armour         Ice            2%         N/A       71%         3
 Animate Armour           Summ/Erth      4%         N/A       98%         4
 Agony                    Necr           21%        N/A       67%         5
 Blade Hands              Tmut           1%         N/A       100%        5
 Iron Shot                Conj/Erth      1%         9d1       100%        6
 Ozocubu's Refrigeration  Ice            1%         4d7       100%        7


Dungeon Overview and Level Annotations

Branches:
Dungeon (5/15)             Temple (1/1) D:4

Altars:
Ashenzari
Cheibriados
Elyvilon
Fedhas
Gozag
Kikubaaqudgha
Makhleb
Nemelex Xobeh
Okawaru
Qazlal
Ru
Sif Muna
Trog
Uskayaw
Xom
Yredelemnul
Zin
The Shining One

Shops:
D:2 ?


Message History

You enter the shallow water.
Moving in this stuff is going to be slow.
There is a stormy altar of Qazlal here.
There is a basalt altar of Yredelemnul here.
There is a staircase back to the Dungeon here.
There is a basalt altar of Yredelemnul here.
Okay, then.
You kneel at the altar of Yredelemnul.
You have lost your religion!
Cheibriados does not appreciate desertion!
Cheibriados continues to slow your movements.
Yredelemnul welcomes you!
Yredelemnul warns you to remove your +4 falchion of holy wrath.
You can now reap souls.
You can now recall your undead harvest.
Your +4 falchion of holy wrath stops glowing.
You feel clever.
You feel agile.
The +3 dagger of Reixzesi {flame, Int+2 Dex+3} bursts into flame!
q - the +3 dagger of Reixzesi (weapon)
{flame, Int+2 Dex+3}
There is a staircase back to the Dungeon here.
You climb upwards.
Welcome back to the Dungeon!
There is a staircase to the Ecumenical Temple here.
There is a stone staircase leading down here.
You can't go up here!
You climb downwards.
There is a stone staircase leading up here.
Found 11 gold pieces.
A white imp comes into view.
The white imp shouts, "Flee, thou bumbling rump-fed puttock!"
The white imp grinds its teeth.
The white imp gestures at you. The puff of frost hits you!
You feel a terrible chill! The white imp gestures at you.
The puff of frost hits you!
You feel a terrible chill! The white imp gestures at you.
The puff of frost hits you!
You feel a terrible chill!
* * * LOW HITPOINT WARNING * * *
The white imp gestures at you. The puff of frost hits you!!
You feel a terrible chill!
You die...
Your body rises from the dead as a mindless zombie.

.#.# .#.#
##.#.###
#...... #....#
#..5#
.#######...#
...........# .
....###@##.# ..
# # #......#...
..#.#..........
..........##...
.......<..# .#
..#.#.....# .
#.###.### $ ..#
# ..#


You could see a white imp.

Vanquished Creatures
  Eustachio (D:4)
  Edmund (D:4)
  2 scorpions (D:4)
  Jessica (D:3)
  Terence (D:3)
  Ijyb (D:3)
  An orc wizard (D:3)
  3 gnolls
  4 adders
  A dart slug (D:3)
  11 orcs
  3 ball pythons
  6 bats
  3 endoplasms
  2 giant cockroaches
  3 goblins
  6 hobgoblins
  3 jackals (D:3)
  3 kobolds
  2 frilled lizards (D:3)
  2 rats
60 creatures vanquished.

Vanquished Creatures (collateral kills)
  An ogre (D:4)
  A jackal (D:3)
2 creatures vanquished.

Vanquished Creatures (others)
  An ogre zombie (D:4)
  A kobold zombie (D:4)
2 creatures vanquished.

Grand Total: 64 creatures vanquished

Notes
Turn   | Place    | Note
-------+----------+-------------------------------------------
     0 | D:1      | IDontKnowWhatImDoimg the Hill Orc Necromancer began the
                  | quest for the Orb.
     0 | D:1      | Reached XP level 1. HP: 14/14 MP: 3/3
   181 | D:1      | Found a faded altar of an unknown god.
   284 | D:1      | Prayed at the altar of an unknown god.
   284 | D:1      | Became a worshipper of Cheibriados the Contemplative
   284 | D:1      | Reached * piety under Cheibriados
   427 | D:1      | Reached XP level 2. HP: 20/20 MP: 2/4
   750 | D:1      | Reached skill level 1 in Unarmed Combat
   754 | D:1      | Reached XP level 3. HP: 26/26 MP: 1/5
   835 | D:2      | Learned a level 3 spell: Vampiric Draining
  1009 | D:2      | Found Kanooble's Magic Scroll Emporium.
  1596 | D:2      | Identified the +3 dagger of Reixzesi {flame, Int+2 Dex+3}
  1942 | D:3      | Reached ** piety under Cheibriados
  1959 | D:3      | Reached XP level 4. HP: 7/34 MP: 0/7
  2250 | D:3      | Found a shimmering altar of Xom.
  2477 | D:3      | Noticed Ijyb
  2486 | D:3      | Killed Ijyb
  2487 | D:3      | Reached XP level 5. HP: 38/39 MP: 1/8
  2487 | D:3      | Noticed Jessica
  2493 | D:3      | Killed Jessica
  2504 | D:3      | Noticed Terence
  2652 | D:3      | Reached *** piety under Cheibriados
  2657 | D:3      | Killed Terence
  2658 | D:3      | Reached skill level 1 in Throwing
  2791 | D:3      | Learned a level 4 spell: Animate Dead
  2952 | D:4      | Reached skill level 1 in Fighting
  2952 | D:4      | Reached skill level 1 in Short Blades
  2952 | D:4      | Reached skill level 5 in Necromancy
  2952 | D:4      | Reached XP level 6. HP: 42/47 MP: 9/9
  3154 | D:4      | Found a staircase to the Ecumenical Temple.
  3588 | D:4      | Reached skill level 1 in Armour
  3588 | D:4      | Reached XP level 7. HP: 27/52 MP: 2/11
  3875 | D:4      | Noticed Edmund
  3903 | D:4      | Killed Edmund
  3940 | D:4      | Noticed Eustachio
  4289 | D:4      | Killed Eustachio
  4452 | Temple   | Entered the Ecumenical Temple
  4669 | Temple   | Fell from the grace of Cheibriados
  4669 | Temple   | Became a worshipper of Yredelemnul the Dark
  4704 | D:5      | Entered Level 5 of the Dungeon
  4711 | D:5      | Killed from afar by a white imp

Illustrated notes

Levels and vault maps discovered:
D:1:      ebering_hopf_link, layout_basic, hellmonk_ecumenical_altar_arch_garden
D:2:      layout_basic, serial_shops, shop
D:3:      layout_rooms, tgw_xom, uniq_ijyb, uniq_terence, uniq_jessica
D:4:      layout_basic, minmay_temple_entry_grid, uniq_eustachio, uniq_edmund
D:5:      layout_loops_ring, gammafunk_ghost_abyssal_escape, serial_shops, shop,
          minmay_misc_feat_rows, serial_park_tiny_pond,
          hangedman_feature_mirror, uniq_blork_the_orc, uniq_grinder,
          uniq_prince_ribbit1
Temple:   nicolae_temple_bog_church

Skill      XL: |  1  2  3  4  5  6  7 |
---------------+----------------------+-----
Unarmed Combat | 1 2 |  2.1
Spellcasting   | 2 3 |  3.0
Stealth        | 2 |  2.1
Dodging        | 2 |  2.8
Throwing       | 1 |  1.2
Fighting       | 1 |  1.9
Short Blades   | 1 |  1.8
Necromancy     | 5 |  5.6
Armour         | 1 2 |  2.5
Invocations    | |  0.7
Evocations     | |  0.1

Action                   |  1- 3 |  4- 6 |  7- 9 || total
-------------------------+-------+-------+-------++-------
Melee: Unarmed           |    49 |       |       ||    49
       Punch             |     3 |     2 |     1 ||     6
       Dagger            |     9 |    86 |    36 ||   131
Throw: Dart              |       |     5 |       ||     5
       Stone             |       |     4 |       ||     4
 Cast: Necrotise         |    20 |     8 |     7 ||    35
       Vampiric Draining |     2 |     7 |     6 ||    15
       Animate Dead      |       |     1 |     1 ||     2
Invok: Temporal Distorti |       |     1 |       ||     1
Evoke: Wand              |       |     1 |     1 ||     2
  Use: Potion            |     2 |     5 |       ||     7
       Scroll            |       |     5 |     1 ||     6
Armor: Robe              |    15 |    17 |       ||    32
       Ring mail         |       |    10 |    36 ||    46
Dodge: Dodged            |    55 |    66 |    59 ||   180
